 Dungeon Crawl Stone Soup version 0.26-a0-663-g36e8fdb655 (webtiles) character file.

Game seed: 10768848299696281543

4048 Baz the Transmogrifier (level 10, -1/69 HPs)
             Began as an Octopode Transmuter on Oct 10, 2020.
             Was a Priest of Okawaru (penitent).
             Killed by the air
             ... invoked by Gastronok
              (28 damage)
             ... on level 9 of the Dungeon.
             The game lasted 00:24:18 (10506 turns).

Baz the Transmogrifier (Octopode Transmuter)       Turns: 10506, Time: 00:24:19

Health: -1/69      AC:  2    Str: 10    XL:     10   Next: 24%
Magic:  14/15      EV: 27    Int: 17    God:    Okawaru [*]
Gold:   711        SH:  0    Dex: 25    Spells: 6/16 levels left

rFire    . . .     SeeInvis .     - Unarmed
rCold    . . .     Faith    .   (shield currently unavailable)
rNeg     . . .     Spirit   .   (helmet currently unavailable)
rPois    x         Reflect  .   (no amulet)
rElec    .         Harm     .   f - +6 ring of dexterity
rCorr    .         Rampage  .   p - +4 ring of evasion
MR       .....                  (no ring)
Stlth    ++........             (no ring)
HPRegen  0.21/turn              (no ring)
MPRegen  0.14/turn              (no ring)
                                (no ring)
                                (no ring)

@: about to teleport, spider-form (expiring)
A: tiny, almost no armour, stealthy swim, (amphibious), 8 rings, (constrict 8)
a: End Transformation, Renounce Religion


You were on level 9 of the Dungeon.
You worshipped Okawaru.
Okawaru was demanding penance.
You were a venomous arachnid creature.
You visited 1 branch of the dungeon, and saw 9 of its levels.

You collected 711 gold pieces.

Inventory:

Missiles
 e - 23 poisoned darts (quivered)
Armour
 z - a +2 buckler (melded)
Jewellery
 f - a +6 ring of dexterity (left front leg)
 p - a +4 ring of evasion (right front leg)
 E - an uncursed ring of fire
Wands
 B - a wand of enslavement (8)
 C - a wand of random effects (22)
Scrolls
 a - 3 scrolls of immolation
 d - 2 scrolls of teleportation
 g - 3 scrolls of fog
 h - 8 scrolls of identify
 m - 4 scrolls of blinking
 q - 2 scrolls of remove curse {unknown}
 r - 4 scrolls of enchant armour
 s - a scroll of amnesia {unknown}
 x - 4 scrolls of magic mapping
 y - 2 scrolls of noise {unknown}
 A - a scroll of fear {unknown}
Potions
 b - 2 potions of invisibility {unknown}
 c - 3 potions of flight {unknown}
 i - 2 potions of cancellation {unknown}
 j - a potion of degeneration {unknown}
 k - a potion of berserk rage {unknown}
 l - 7 potions of curing
 n - 3 potions of stabbing {unknown}
 o - 2 potions of brilliance {unknown}
 t - a potion of mutation {unknown}
 u - 2 potions of haste {unknown}
 v - 2 potions of magic {unknown}
 w - 2 potions of lignification {unknown}


   Skills:
 + Level 6.6 Fighting
 - Level 3.7 Dodging
 - Level 4.0 Shields
 + Level 7.3 Unarmed Combat
 + Level 3.5 Spellcasting
 - Level 8.0 Transmutations
 + Level 5.1 Invocations


You had 6 spell levels left.
You knew the following spells:

 Your Spells              Type           Power        Failure   Level
a - Beastly Appendage     Tmut           ####..       4%          1
b - Wereblood             Tmut           ####....     4%          2
c - Spider Form           Tmut/Pois      ###.......   24%         3
d - Ice Form              Ice/Tmut       ###.....     54%         4

Your spell library contained the following spells:

 Spells                   Type           Power        Failure   Level
 Blade Hands              Tmut           ####......   36%         5


Dungeon Overview and Level Annotations

Branches:
Dungeon (9/15)             Temple (0/1) D:6             Orc (0/2) D:9
   Lair: D:8-11

Altars:
Cheibriados
Nemelex Xobeh
Okawaru
Sif Muna
Trog
Uskayaw
Zin

Annotations:
D:2 Sigmund
D:5 2 transporters
D:9 exclusion: adder, Gastronok


Innate Abilities, Weirdness & Mutations

You cannot wear most types of armour.
You are very stealthy in the water. (Stealth+)
((You are amphibious.))
You can wear up to eight rings at the same time.
((You can use your tentacles to constrict eight enemies at once.))
((Your skin changes colour to match your surroundings (Stealth+).))
((Your rubbery body absorbs attacks. (AC +1, EV +1)))


Message History

Okawaru accepts your kill.
You see here a +0 giant spiked club.
You start resting.
Gastronok is nearby!
Gastronok is nearby!
An orc comes into view. It is wielding a +0 morningstar.
The orc shouts!
You bite the orc!
You kill the orc!
Okawaru accepts your kill.
A gnoll and an orc warrior come into view.
The orc warrior completely misses you. The orc warrior barely misses you.
The gnoll shouts!
You hear a shout! x3
Your transformation is almost over.
As you read the scroll of teleportation, it crumbles to dust.
You feel strangely unstable.
Gastronok waves his eye-stalks in wide circles.
The air twists around and strikes you!!
You die...

#.# ##### #.#8g.g8#
#.#...oO# #.'gOoTo######
#g# #....# #.#g# ####.##
#.#.# ####.....# #.
#.#.####.......S# #.
#.#.#..go.s.....## #.
#.#.#............#########$
#.#.O................wS....
#.###..)#####......$.......
#)....(w)# #..............
#.######(####.##..########.
#...)...(..w...............
########.####.###.######.##
#.# ##.###.######.##


You could see Gastronok, an orc warrior, an ogre, a gnoll and an adder
(wandering).

Vanquished Creatures
  Prince Ribbit (D:5)
  2 ice beasts
  A necrophage (D:8)
  3 orc warriors
  5 ogres
  4 sky beasts
  4 centaurs
  2 big kobolds
  3 bullfrogs
  A gnoll sergeant (D:9)
  A wyvern zombie (D:6)
  A wyvern skeleton (D:8)
  3 scorpions
  4 killer bees (D:7)
  A howler monkey (D:4)
  3 jellies
  2 orc priests
  7 hounds
  8 orc wizards
  A bullfrog skeleton (D:7)
  4 iguanas
  10 worker ants
  Robin (D:2)
  7 gnolls
  9 adders
  A white imp (D:5)
  An ooze (D:2)
  An adder zombie (D:7)
  2 adder skeletons
  A worm (D:8)
  3 dart slugs
  9 leopard geckos
  26 orcs
  5 bats
  8 giant cockroaches
  13 hobgoblins
  10 jackals
  A quokka (D:2)
  A ball python (D:1)
  4 frilled lizards
  13 goblins
  A jackal skeleton (D:5)
  A jackal zombie (D:7)
  20 kobolds
  A quokka skeleton (D:5)
  14 rats
224 creatures vanquished.

Vanquished Creatures (others)
  A centaur (D:9)
1 creature vanquished.

Grand Total: 225 creatures vanquished

Notes
Turn   | Place    | Note
-------+----------+-------------------------------------------
     0 | D:1      | Baz the Octopode Transmuter began the quest for the Orb.
     0 | D:1      | Reached XP level 1. HP: 13/13 MP: 3/3
   141 | D:1      | Reached XP level 2. HP: 6/18 MP: 5/5
   547 | D:1      | Learned a level 2 spell: Wereblood
   686 | D:1      | Reached XP level 3. HP: 23/23 MP: 6/6
   691 | D:1      | Learned a level 3 spell: Spider Form
  1092 | D:2      | Noticed a +0 dagger
  1092 | D:2      | Noticed a +0 hand axe
  1116 | D:2      | Found a hide-covered altar of Uskayaw.
  1422 | D:2      | Noticed Robin
  1686 | D:1      | Reached skill level 3 in Transmutations
  1789 | D:2      | Reached XP level 4. HP: 28/29 MP: 4/7
  1794 | D:2      | Killed Robin
  2412 | D:2      | Found a shimmering blue altar of Sif Muna.
  2424 | D:2      | Noticed Sigmund
  2590 | D:2      | Reached XP level 5. HP: 30/34 MP: 6/8
  3086 | D:3      | Reached skill level 4 in Transmutations
  3151 | D:3      | Reached XP level 6. HP: 29/41 MP: 2/9
  3905 | D:4      | Noticed a phantom
  4295 | D:4      | Reached XP level 7. HP: 44/46 MP: 7/10
  4422 | D:4      | Found an iron altar of Okawaru.
  4447 | D:4      | Reached skill level 5 in Transmutations
  4462 | D:4      | Became a worshipper of Warmaster Okawaru
  4697 | D:4      | Reached skill level 1 in Invocations
  5136 | D:5      | Entered Level 5 of the Dungeon
  5145 | D:5      | Reached skill level 1 in Shields
  5156 | D:5      | Noticed Prince Ribbit
  5177 | D:5      | Killed Prince Ribbit
  5177 | D:5      | Reached XP level 8. HP: 25/54 MP: 8/11
  5361 | D:5      | Found a transporter.
  5390 | D:5      | Reached skill level 6 in Transmutations
  5424 | D:5      | Learned a level 4 spell: Ice Form
  5496 | D:4      | Reached skill level 5 in Unarmed Combat
  6020 | D:5      | Reached * piety under Okawaru
  6440 | D:5      | Found a sparkling altar of Nemelex Xobeh.
  6469 | D:5      | Found a snail-covered altar of Cheibriados.
  6470 | D:5      | Found a transporter.
  7236 | D:6      | Reached skill level 7 in Transmutations
  7247 | D:6      | Reached XP level 9. HP: 55/59 MP: 10/12
  7250 | D:6      | Found a staircase to the Ecumenical Temple.
  7283 | D:6      | Reached ** piety under Okawaru
  7520 | D:6      | Reached skill level 5 in Fighting
  8527 | D:7      | Reached skill level 8 in Transmutations
  9135 | D:8      | Reached *** piety under Okawaru
  9261 | D:8      | Reached XP level 10. HP: 61/68 MP: 11/14
  9477 | D:8      | Found a bloodstained altar of Trog.
  9872 | D:8      | Noticed a moth of wrath
  9876 | D:8      | Found a bloodstained altar of Trog.
 10038 | D:9      | Found a glowing silver altar of Zin.
 10335 | D:9      | Noticed Gastronok
 10439 | D:9      | Found a staircase to the Orcish Mines.
 10450 | D:9      | Reached skill level 5 in Invocations
 10471 | D:9      | Was placed under penance by Okawaru
 10506 | D:9      | Killed from afar by Gastronok

Illustrated notes

Levels and vault maps discovered:
D:1:      eino_arrival_water_star, layout_loops_ring, minmay_pentomino_p4
D:2:      layout_basic, dancing_weapons_uskayaw, old_standard_altar, uniq_robin,
          uniq_sigmund
D:3:      layout_basic
D:4:      layout_loops_ring, okawaru_altar_gauntlet_db
D:5:      gammafunk_cloud_chamber, layout_loops_cross,
          nemelex_xobeh_ov_fountains_minmay, cheibriados_altar_1,
          uniq_prince_ribbit1
D:6:      layout_basic, minmay_temple_entry_grid
D:7:      layout_loops_ring
D:8:      layout_loops_ring, tgw_trog, trog_three_pillars_becter
D:9:      layout_basic, zin_academy, lemuel_doored_altar, lemuel_round_altar,
          kennysheep_orc_monster_closet_entryway, uniq_gastronok

Skill      XL: |  1  2  3  4  5  6  7  8  9 10 |
---------------+-------------------------------+-----
Transmutations | 3 4 5 7 8 |  8.0
Fighting       | 2 3 4 6 |  6.6
Dodging        | 3 |  3.7
Unarmed Combat | 4 5 6 7 |  7.3
Invocations    | 1 4 5 |  5.1
Shields        | 2 4 |  4.0
Spellcasting   | 3 |  3.5

Action                   |  1- 3 |  4- 6 |  7- 9 | 10-12 || total
-------------------------+-------+-------+-------+-------++-------
Melee: Unarmed           |    84 |   148 |   369 |    72 ||   673
       Constrict         |    27 |    33 |    33 |     7 ||   100
       Tentacles         |    18 |    33 |    56 |     9 ||   116
       Punch             |     1 |     1 |    11 |     2 ||    15
       Kick              |     1 |     7 |     5 |     6 ||    19
Throw: Dart              |       |       |       |     4 ||     4
 Cast: Beastly Appendage |     2 |     7 |     4 |     1 ||    14
       Wereblood         |     2 |     3 |     5 |     2 ||    12
       Spider Form       |       |     5 |    19 |     4 ||    28
       Ice Form          |       |       |     1 |       ||     1
Invok: Heroism           |       |       |     1 |       ||     1
 Abil: End Transformatio |       |       |       |     1 ||     1
Evoke: Wand              |       |       |       |     2 ||     2
  Use: Scroll            |       |       |       |     7 ||     7
       Potion            |       |       |       |     2 ||     2
 Stab: Sleeping          |     6 |     7 |     6 |     1 ||    20
Armor: Skin              |     9 |     1 |     8 |     3 ||    21
Dodge: Dodged            |    64 |   125 |   330 |    48 ||   567
Block: Buckler           |       |       |    27 |    20 ||    47

Table legend: (Time is in decaauts)
 A = Elapsed time spent in this place.
 B = Non-inter-level travel time spent in this place.
 C = Inter-level travel time spent in this place.
 D = Time resting spent in this place.
 E = Time spent auto-exploring this place.
 F = Levels seen in this place.
 G = Mean time per level.
                   A        B        C        D        E       F      G
               +--------+--------+--------+--------+--------+-----+--------+
         Total |  10455 |  10122 |    333 |   3580 |   4490 |   9 | 1161.7 |
       Dungeon |  10455 |  10122 |    333 |   3580 |   4490 |   9 | 1161.7 |
               +--------+--------+--------+--------+--------+-----+--------+

Top non-repeatable levels by time:
     D:4: 1649 daAuts
     D:1: 1525 daAuts
     D:7: 1422 daAuts
     D:5: 1328 daAuts
     D:3: 1118 daAuts
     D:2: 1076 daAuts
     D:6: 952 daAuts
     D:8: 915 daAuts
     D:9: 465 daAuts
